 Dungeon Crawl Stone Soup version 0.30.0-5-g1a98f26d00 (webtiles) character file.

Game seed: 1803827874438298790

249 destino the Magician (level 6, -4/47 HPs)
             Began as a Djinni Ice Elementalist on May 11, 2023.
             Slain by Duvessa
             ... wielding a +0 short sword
              (10 damage)
             ... on level 4 of the Dungeon.
             The game lasted 00:10:09 (2522 turns).

destino the Magician (Djinni Ice Elementalist)      Turns: 2522, Time: 00:10:12

Health: -4/47      AC:  8    Str:  7    XL:     6   Next: 34%
Gold:   286        EV: 12    Int: 18    God:
                   SH:  0    Dex: 14

rFire   + + .        l - +2 dagger (drain)
rCold   x . .        (no shield)
rNeg    . . .        a - +0 robe
rPois   ∞            (no helmet)
rElec   .            (no cloak)
rCorr   .            (no gloves)
SInv    .            (boots unavailable)
Will    .....        (no amulet)
Stlth   ++           (no ring)
HPRegen 0.27/turn    (no ring)
MPRegen 0.00/turn

%: infuse magic (-5 HP)
@: ice-armoured, freezing walls, flying
A: sickness immunity, fire resistance 2, cold vulnerability 1, float, innate
caster, HP casting, extra vitality 1
a: no special abilities


You were on level 4 of the Dungeon.
You visited 1 branch of the dungeon, and saw 4 of its levels.

You collected 286 gold pieces.

Inventory:

Hand Weapons
 l - a +2 dagger of draining (weapon)
Missiles
 c - 3 atropa-tipped darts
 d - 17 poisoned darts (quivered)
Armour
 a - a +0 robe (worn)
Magical Staves
 m - a staff of air
Wands
 q - a wand of acid (5)
Scrolls
 b - a scroll of fog {unknown}
 g - 2 scrolls of noise {unknown}
 i - a scroll of teleportation {unknown}
 k - 4 scrolls of amnesia {unknown}
 n - 3 scrolls of identify {unknown}
 o - a scroll of vulnerability {unknown}
 r - a scroll of enchant armour {unknown}
 s - a scroll of silence {unknown}
Potions
 e - 3 potions of curing {unknown}
 f - a potion of heal wounds {unknown}
 h - 2 potions of mutation {unknown}
 j - 2 potions of might {unknown}
 p - a potion of attraction {unknown}


   Skills:
 * Level 3.9 Fighting
 - Level 2.1 Dodging
 - Level 1.5 Stealth
 * Level 4.6 Spellcasting


You knew the following spells:

 Your Spells              Type           Power      Damage    Failure   Level
a - Freeze                Ice            80%        1d9       1%          1
b - Frozen Ramparts       Ice            40%        1d7       6%          3
c - Ozocubu's Armour      Ice            20%        N/A       6%          3
d - Summon Ice Beast      Ice/Summ       20%        N/A       21%         4
e - Slow                  Hex            80%        N/A       1%          1
f - Blink                 Tloc           40%        N/A       3%          2
Your spell library was empty.

Dungeon Overview and Level Annotations

Branches:
Dungeon (4/15)
 Temple: D:4-7

Altars:
Qazlal

Annotations:
D:3 2 transporters, Gandelf's ghost, weakling SpCj; Grinder
D:4 Duvessa


Innate Abilities, Weirdness & Mutations

You are immune to sickness and miasma.
You are immune to poison.
Your flesh is very heat resistant. (rF++)
You are vulnerable to cold. (rC-)
You float through the air rather than walking.
You learn spells naturally, not from books.
Your magical power is your life essence.
You have superior vitality. (+4 MHP)


Message History

The walls around you are covered in ice.
The wall freezes something.
Dowan, Brother of Duvessa comes into view.
He is wielding a +0 dagger.
The wall freezes something.
The wall freezes something.
Something hits you.
Dowan shouts!
You hit something.
The frozen ramparts melt away.
Something hits you but does no damage.
Casting: Frozen Ramparts (dangerous; 7% risk of failure)
Confirm with . or Enter, or press ? or * to list all spells.
Casting: Frozen Ramparts (dangerous; 7% risk of failure)
Press: ? - help, Dir - look around, f - activate The walls around you are covered in ice.
The wall freezes something but does no damage.
Something hits you.
You hit something.
The wall freezes something.
Something hits you.
The wall freezes Dowan but does no damage.
You miss something.
The wall freezes something but does no damage.
The wall freezes Dowan!
You barely miss Dowan.
Dowan is moderately wounded.
The wall freezes something.
Something hits you.
The wall freezes Dowan.
Dowan completely misses you.
You hit Dowan. You drain Dowan.
Dowan is severely wounded.
The wall freezes something.
Something hits you!
The wall freezes Dowan.
Dowan closely misses you.
You hit Dowan.
You kill Dowan!
Something shouts wrathfully, "No!"
The wall freezes something but does no damage.
Something hits you!
You completely miss something. You punch something.
The wall freezes something but does no damage.
Something hits you!
* * * LOW HITPOINT WARNING * * *
The wall freezes something but does no damage.
Something hits you!
You die...

##...## #.# ##'##
### #.# #.#
##.####.# #.#
#.......# ##.##
##.###### ##...##
#.#
######.....####.##
.................##
#####...#######@.#
###.# ##)# #.# #.#
#.# #.# ###.#####
##.## #.......#
#...# #.#.###.#
##.## #.#.#
#####...## #.#.##
#.....#


There were no monsters in sight!

Vanquished Creatures
  Dowan (D:4)
  Ijyb (D:4)
  An iguana (D:4)
  An orc wizard (D:4)
  5 adders
  An ufetubus (D:4)
  A worm (D:3)
  A dart slug (D:1)
  4 orcs (D:4)
  5 endoplasms
  6 giant cockroaches
  6 goblins
  6 hobgoblins
  8 kobolds
  5 quokkas
  5 ball pythons
  4 bats
  4 frilled lizards
  2 rats (D:1)
67 creatures vanquished.

Notes
Turn   | Place    | Note
-------+----------+-------------------------------------------
     0 | D:1      | destino the Djinni Ice Elementalist began the quest for the
                  | Orb.
     0 | D:1      | destino set off with the following spells memorised:
                  | Freeze, Frozen Ramparts, Ozocubu's Armour, Summon Ice
                  | Beast.
     0 | D:1      | Reached XP level 1. HP: 15/15 MP: 0/0
    56 | D:1      | Reached XP level 2. HP: 22/22 MP: 0/0
    57 | D:1      | Reached skill level 1 in Fighting
   229 | D:1      | Found a faded altar of an unknown god.
   250 | D:1      | Reached XP level 3. HP: 24/27 MP: 0/0
   250 | D:1      | Learned a level 1 spell: Slow
  1070 | D:2      | Reached XP level 4. HP: 32/33 MP: 0/0
  1530 | D:3      | Found a stormy altar of Qazlal.
  1687 | D:3      | Reached skill level 4 in Spellcasting
  1766 | D:3      | Noticed Gandelf's ghost (weakling SpCj)
  1828 | D:3      | Reached XP level 5. HP: 34/40 MP: 0/0
  1828 | D:3      | Learned a level 2 spell: Blink
  1860 | D:3      | Found a transporter.
  1882 | D:3      | Found a transporter.
  1978 | D:3      | Noticed Grinder
  1979 | D:3      | Paralysed by Grinder for 5 turns
  2068 | D:4      | Noticed Ijyb
  2077 | D:4      | Killed Ijyb
  2366 | D:4      | Reached XP level 6. HP: 34/46 MP: 0/0
  2500 | D:4      | Noticed Duvessa
  2512 | D:4      | Noticed Dowan
  2521 | D:4      | Killed Dowan
  2522 | D:4      | Slain by Duvessa

Illustrated notes

Levels and vault maps discovered:
D:1:      enne_arrival_octagon_isle, layout_basic,
          hellmonk_ecumenical_altar_run_dry
D:2:      layout_loops_ring, kennysheep_cluttered_room
D:3:      layout_basic, mainiacjoe_overflow_concentric_impassable,
          gammafunk_ghost_stat_death, hangedman_decor_push, uniq_grinder
D:4:      layout_loops_corners, mainiacjoe_overflow_alcove_2,
          gammafunk_ghost_gnarly_gnolls, dreamdust_mushroom_princess,
          dreamdust_wishing_well, nicolae_figureground_sparkle, uniq_pikel,
          uniq_ijyb, uniq_duvessa, uniq_menkaure

Skill      XL: |  1  2  3  4  5 |
---------------+----------------+-----
Fighting       | 1 2 3 |  3.9
Spellcasting   | 4 |  4.6
Dodging        | |  2.1
Stealth        | |  1.5

Action                     |  1- 3 |  4- 6 || total
---------------------------+-------+-------++-------
  Melee: Unarmed           |    11 |     1 ||    12
         Dagger            |       |    40 ||    40
         Punch             |       |     1 ||     1
  Throw: Dart              |       |     6 ||     6
   Cast: Freeze            |    49 |    31 ||    80
         Frozen Ramparts   |       |    10 ||    10
         Ozocubu's Armour  |       |     4 ||     4
   Stab: Sleeping          |     2 |       ||     2
 Armour: Robe              |     5 |    18 ||    23
  Dodge: Dodged            |    22 |    35 ||    57
